 Dungeon Crawl Stone Soup version 0.27-a0-1529-g1e82c303ef (webtiles) character file.

Game seed: 5511970429608066518

56 blackman the Magician (level 4, -6/32 HPs)
             Began as a Human Wanderer on July 11, 2021.
             Mangled by a gnoll (11 damage)
             ... on level 1 of the Dungeon.
             The game lasted 00:11:54 (3722 turns).

blackman the Magician (Human Wanderer)              Turns: 3722, Time: 00:11:55

Health: -6/32      AC:  2    Str: 12    XL:     4   Next: 15%
Magic:  8/10       EV: 11    Int: 13    God:
Gold:   64         SH:  0    Dex: 13    Spells: 9/11 levels left

rFire    . . .     SeeInvis .   a - +0 dagger
rCold    . . .     Faith    .   (no shield)
rNeg     . . .     Spirit   .   b - +0 robe
rPois    .         Reflect  .   (no helmet)
rElec    .         Harm     .   (no cloak)
rCorr    .         Rampage  .   (no gloves)
Will     .....                  (no boots)
Stlth    ++........             f - amulet of the acrobat
HPRegen  0.10/turn              (no ring)
MPRegen  0.12/turn              (no ring)

@: very slightly contaminated
A: no striking features
a: no special abilities


You were on level 1 of the Dungeon.
You visited 1 branch of the dungeon, and saw 2 of its levels.

You collected 64 gold pieces.

Inventory:

Hand Weapons
 a - a +0 dagger (weapon)
Missiles
 h - 28 poisoned darts (quivered)
Armour
 b - a +0 robe (worn)
Jewellery
 e - an amulet of reflection
 f - an amulet of the acrobat (around neck)
Scrolls
 c - a scroll of identify {unknown}
Potions
 d - a potion of curing {unknown}
 g - a potion of attraction {unknown}
 i - 2 potions of flight {unknown}


   Skills:
 - Level 1.0 Fighting
 - Level 1.0 Short Blades
 - Level 2.0 Stealth
 - Level 1.0 Shields
 - Level 4.0 Spellcasting
 + Level 3.4 Conjurations
 - Level 1.0 Transmutations
 * Level 0.1 Fire Magic


You had 9 spell levels left.
You knew the following spells:

 Your Spells              Type           Power      Damage    Failure   Level
a - Magic Dart            Conj           44%        1d5       5%          1
b - Foxfire               Conj/Fire      28%        2x1d5     10%         1

Your spell library contained the following spells:

 Spells                   Type           Power      Damage    Failure   Level
 Sting                    Tmut/Pois      12%        1d3       17%         1
 Blink                    Tloc           N/A        N/A       30%         2
 Call Imp                 Summ           2%         N/A       30%         2
 Slow                     Hex            2%         N/A       30%         2
 Conjure Flame            Conj/Fire      7%         6-21      30%         3
 Mephitic Cloud           Conj/Pois/Air  5%         N/A       36%         3
 Ignite Poison            Fire/Tmut/Pois 3%         N/A       47%         3


Dungeon Overview and Level Annotations

Branches:
Dungeon (2/15)

Altars:

Annotations:
D:2 Sigmund


Message History

Confirm with . or Enter, or press ? or * to list all spells.
You miscast Foxfire.
You are very lightly contaminated with residual magic.
Nothing appears to happen.
The gnoll closely misses you.
Your magical contamination has completely faded away.
There is an open door here.
Casting: Foxfire (safe; 10% risk of failure)
Confirm with . or Enter, or press ? or * to list all spells.
You conjure some foxfire!
The gnoll hits you from afar with a +0 halberd!
* * * LOW HITPOINT WARNING * * *
The foxfire hits the gnoll.
The gnoll is severely wounded.
The foxfire hits the gnoll.
The gnoll is almost dead.
A gnoll is nearby!
Casting: Foxfire (safe; 10% risk of failure)
Confirm with . or Enter, or press ? or * to list all spells.
You conjure some foxfire!
The foxfire hits the gnoll but does no damage.
The gnoll is almost dead.
The gnoll misses you.
There is an open door here.
Casting: Foxfire (safe; 10% risk of failure)
Confirm with . or Enter, or press ? or * to list all spells.
You miscast Foxfire.
You are very lightly contaminated with residual magic.
Nothing appears to happen.
Casting: Foxfire (safe; 10% risk of failure)
Confirm with . or Enter, or press ? or * to list all spells.
You conjure some foxfire!
The gnoll hits you from afar with a +0 halberd!
* * * LOW HITPOINT WARNING * * *
The foxfire hits the gnoll but does no damage.
The gnoll is severely wounded.
The foxfire hits the gnoll but does no damage.
The gnoll is severely wounded.
You open the door.
The gnoll hits you from afar with a +0 halberd!
You die...

.##..#.....#.## #.#
.....#######.# ##.## .##.## #.#
#...# ## .##.# ##'## #...# #.
.##.# ##...## #...# #. ....#
##>....## ####.## #. .#.##
##.......## ##.##.# #.
....####.........####...#.######.
.......'......g.@'...............
#....###.........####...#.######.
##.#.# ##.......## ##.#....# ##
###.# ##.....## #####..#.## #.#
##...#.## #.........# ####.####
##+#...###.###..#..#
#.......####......##.# #.##..#
#.##.##.#..........#.###.##..#
#.##.##....#......##.........#


You could see a gnoll.

Vanquished Creatures
  A gnoll (D:2)
  An adder (D:2)
  3 ball pythons
  An endoplasm (D:2)
  9 giant cockroaches
  3 goblins
  3 hobgoblins
  3 kobolds
  A quokka (D:1)
  5 bats (D:1)
  A frilled lizard (D:1)
  2 rats
33 creatures vanquished.

Vanquished Creatures (others)
  39 foxfires
39 creatures vanquished.

Grand Total: 72 creatures vanquished

Notes
Turn   | Place    | Note
-------+----------+-------------------------------------------
     0 | D:1      | blackman the Human Wanderer began the quest for the Orb.
     0 | D:1      | blackman set off with the following items: a +0 dagger, a
                  | +0 robe; and the following spells available to memorise:
                  | Sting, Foxfire, Magic Dart, Blink, Call Imp, Slow, Ignite
                  | Poison, Conjure Flame, Mephitic Cloud
     0 | D:1      | Reached XP level 1. HP: 15/15 MP: 5/5
     4 | D:1      | Learned a level 1 spell: Magic Dart
    78 | D:1      | Reached skill level 1 in Conjurations
   339 | D:1      | Reached XP level 2. HP: 21/21 MP: 5/7
  1133 | D:1      | Reached XP level 3. HP: 14/26 MP: 1/8
  1465 | D:1      | Learned a level 1 spell: Foxfire
  1691 | D:2      | Noticed Sigmund
  2733 | D:2      | Reached XP level 4. HP: 20/32 MP: 3/10
  3722 | D:1      | Mangled by a gnoll

Illustrated notes

Levels and vault maps discovered:
D:1:      dpeg_arrival_arbitrary_c, layout_loops_corners
D:2:      layout_loops_ring, minmay_worlds_worst_comb, uniq_sigmund

Skill      XL: |  1  2  3 |
---------------+----------+-----
Conjurations   | 1 2 3 |  3.4
Fighting       | |  1.0
Short Blades   | |  1.0
Stealth        | |  2.0
Shields        | |  1.0
Spellcasting   | |  4.0
Transmutations | |  1.0
Fire Magic     | |  0.1

Action                   |  1- 3 |  4- 6 || total
-------------------------+-------+-------++-------
Melee: Dagger            |    53 |    31 ||    84
 Cast: Magic Dart        |    50 |     9 ||    59
       Foxfire           |    20 |     6 ||    26
 Stab: Sleeping          |     4 |       ||     4
Armor: Robe              |    10 |     9 ||    19
Dodge: Dodged            |    52 |    36 ||    88

Table legend: (Time is in decaauts)
 A = Elapsed time spent in this place.
 B = Non-inter-level travel time spent in this place.
 C = Inter-level travel time spent in this place.
 D = Time resting spent in this place.
 E = Time spent auto-exploring this place.
 F = Levels seen in this place.
 G = Mean time per level.
                   A        B        C        D        E       F      G
               +--------+--------+--------+--------+--------+-----+--------+
         Total |   3720 |   3446 |    274 |   1081 |   1744 |   2 | 1860.0 |
       Dungeon |   3720 |   3446 |    274 |   1081 |   1744 |   2 | 1860.0 |
               +--------+--------+--------+--------+--------+-----+--------+

Top non-repeatable levels by time:
     D:1: 2373 daAuts
     D:2: 1347 daAuts
